 Dungeon Crawl Stone Soup version 0.30-a0-782-ge64f9170bb (webtiles) character file.

Game seed: 297212332160954188

253 Querens the Vexing (level 5, 0/25 HPs)
             Began as a Spriggan Hexslinger on Feb 20, 2023.
             Blown up by Ijyb (14 damage)
             ... with a mindburst bolt
             ... on level 3 of the Dungeon.
             The game lasted 00:06:58 (1932 turns).

Querens the Vexing (Spriggan Hexslinger)            Turns: 1932, Time: 00:06:59

Health: 0/25       AC:  2    Str:  6    XL:     5   Next: 90%
Magic:  21/21      EV: 18    Int: 14    God:
Gold:   211        SH:  0    Dex: 24    Spells: 4/12 levels left

rFire   . . .      SeeInvis +    a - +1 sling
rCold   . . .      Faith    .    (no shield)
rNeg    . . .      Spirit   .    c - +0 robe
rPois   .          Reflect  .    (helmet restricted)
rElec   .          Harm     .    (no cloak)
rCorr   .          Rampage  .    (gloves unavailable)
Will    .....                    (boots unavailable)
Stlth   ++                       (no amulet)
HPRegen 0.24/turn                p - +6 ring of dexterity
MPRegen 0.17/turn                r - ring of magical power

@: very quick
A: very small, no large weapons, unfitting armour, see invisible, speed 3
a: no special abilities


You were on level 3 of the Dungeon.
You visited 1 branch of the dungeon, and saw 3 of its levels.

You collected 252 gold pieces.
You spent 41 gold pieces at shops.

Inventory:

Hand Weapons
 a - a +1 sling (weapon)
Missiles
 d - 3 atropa-tipped darts
Armour
 c - a +0 robe (worn)
Jewellery
 p - a +6 ring of dexterity (left hand)
 r - a ring of magical power (right hand)
Scrolls
 b - 2 scrolls of poison
 e - 4 scrolls of identify {unknown}
 h - a scroll of brand weapon {unknown}
 j - 3 scrolls of teleportation {unknown}
 l - a scroll of fear {unknown}
 m - a scroll of immolation {unknown}
 q - 2 scrolls of fog {unknown}
 t - a scroll of vulnerability {unknown}
Potions
 f - a potion of invisibility {unknown}
 g - 4 potions of curing {unknown}
 i - a potion of resistance {unknown}
 k - a potion of berserk rage {unknown}
 n - a potion of attraction {unknown}
 o - a potion of might {unknown}
 s - a potion of brilliance {unknown}
 u - a potion of mutation {unknown}


   Skills:
 - Level 0.7 Fighting
 + Level 3.9 Ranged Weapons
 - Level 2.6 Dodging
 + Level 4.2 Spellcasting
 + Level 5.4 Hexes


You had 4 spell levels left.
You knew the following spells:

 Your Spells              Type           Power      Damage    Failure   Level
a - Slow                  Hex            72%        N/A       1%          1
b - Portal Projectile     Hex/Tloc       20%        N/A       19%         3
c - Cause Fear            Hex            9%         N/A       21%         4

Your spell library contained the following spells:

 Spells                   Type           Power      Damage    Failure   Level
 Inner Flame              Hex/Fire       10%        N/A       19%         3


Dungeon Overview and Level Annotations

Branches:
Dungeon (3/15)

Altars:

Shops:
D:1 *

Annotations:
D:3 Ijyb


Innate Abilities, Weirdness & Mutations

You are very small and have problems with some larger weapons.
You are too small for most types of armour.
You have supernaturally acute eyesight. (SInv)
You cover ground extremely quickly. (Speed+++)


Message History

* * * LOW HITPOINT WARNING * * *
You are too injured to fight recklessly!
There is a stone staircase leading down here.
There is an open door here.
You enter the shallow water.
Moving in this stuff is going to be slow.
Things that are here:
a +0 whip; an orc corpse
Items here: )) [ †.
Ijyb shouts!
There is an open door here.
As you close the door, it creaks loudly!
Found 17 gold pieces.
Found 5 poisoned darts.
Found a stone staircase leading down.
You now have 211 gold pieces (gained 17).
A rat comes into view.
You shoot a sling bullet. The sling bullet hits the rat!
You kill the rat!
No target in view!
No target in view!
Found a scroll labelled IDIUCL APSU.
q - 2 scrolls labelled IDIUCL APSU (gained 1)
Found a stone staircase leading up.
Ijyb shouts!
Ijyb zaps a wand.
Your mind is blasted!
You aren't carrying any items that you can evoke.
Unknown command.
Okay, then.
Casting: Slow (safe; 1% risk of failure)
Confirm with . or Enter, or press ? or * to list all spells.
You don't know that spell.
Throw: 4 darts (atropa)
Press: ? - help, Shift-Dir - straight line, f - Ijyb
Aim: Ijyb, wielding a +0 dagger, wearing a +0 scale mail and carrying a wand of mindburst (2) (heavily wounded, 61% to hit, chance to blind on hit: 75%)
You throw an atropa-tipped dart.
The atropa-tipped dart barely misses Ijyb.
Ijyb zaps a wand.
Your mind is blasted!
Ouch! That really hurt!
You die...

#.....##.#..##.#.......#
#..............#.#####.#
###.....##.........# #.#
...........#.#.######
#.# ###..#.##.#.#>.....#
#.# #..#.<#.#.######.#
#.. .(.#.#.# #.# ###
#.###g#.#.# #.# #
#.....@.#.# #.# #
#####.###.# #.# # #...#
#.# #.# # #.###
#.######.# #
#####.#####........# #
#......)..######...# #
#.#####.#.# ##### #
#######.###...#.# #
............###.# #


You could see Ijyb.

Vanquished Creatures
  Sigmund (D:2)
  2 adders
  2 worms (D:2)
  4 dart slugs
  6 orcs (D:3)
  3 ball pythons
  6 endoplasms
  2 giant cockroaches
  2 goblins
  2 hobgoblins (D:1)
  9 jackals
  A quokka (D:3)
  5 bats
  5 frilled lizards
  3 kobolds
  5 rats
58 creatures vanquished.

Notes
Turn   | Place    | Note
-------+----------+-------------------------------------------
     0 | D:1      | Querens the Spriggan Hexslinger began the quest for the
                  | Orb.
     0 | D:1      | Reached XP level 1. HP: 9/9 MP: 3/3
    77 | D:1      | Reached XP level 2. HP: 14/14 MP: 6/6
   138 | D:1      | Reached skill level 4 in Hexes
   331 | D:1      | Reached XP level 3. HP: 17/17 MP: 7/7
   335 | D:1      | Learned a level 3 spell: Portal Projectile
   545 | D:1      | Found Tauseog's Assorted Antiques.
   558 | D:1      | Bought a scroll labelled ODDAENWUSIO for 22 gold pieces
   558 | D:1      | Bought a viscous sapphire potion for 19 gold pieces
   991 | D:2      | Noticed Sigmund
  1039 | D:2      | Killed Sigmund
  1040 | D:2      | Reached skill level 5 in Hexes
  1040 | D:2      | Reached XP level 4. HP: 11/21 MP: 11/11
  1040 | D:2      | Reached XP level 5. HP: 14/25 MP: 12/12
  1052 | D:2      | Learned a level 4 spell: Cause Fear
  1337 | D:3      | Noticed Ijyb
  1932 | D:3      | Blown up by Ijyb

Illustrated notes

Levels and vault maps discovered:
D:1:      lightli_arrival_windingriver, layout_basic, serial_shops,
          nicolae_diamond_shop
D:2:      layout_loops_cross, uniq_sigmund
D:3:      layout_basic, kennysheep_path_1, uniq_ijyb

Skill      XL: |  1  2  3 |
---------------+----------+-----
Spellcasting   | 2 4 |  4.2
Hexes          | 4 5 |  5.4
Ranged Weapons | 3 |  3.9
Fighting       | |  0.7
Dodging        | |  2.6

Action                     |  1- 3 |  4- 6 || total
---------------------------+-------+-------++-------
   Fire: Sling             |   115 |    71 ||   186
  Throw: Dart              |       |     1 ||     1
   Cast: Slow              |     4 |     5 ||     9
 Armour: Robe              |     4 |     2 ||     6
  Dodge: Dodged            |    46 |    12 ||    58

Table legend: (Time is in decaauts)
 A = Elapsed time spent in this place.
 B = Non-inter-level travel time spent in this place.
 C = Inter-level travel time spent in this place.
 D = Time resting spent in this place.
 E = Time spent auto-exploring this place.
 F = Levels seen in this place.
 G = Mean time per level.
                   A        B        C        D        E       F      G
               +--------+--------+--------+--------+--------+-----+--------+
         Total |   1313 |   1244 |     69 |      0 |      0 |   3 |  437.7 |
       Dungeon |   1313 |   1244 |     69 |      0 |      0 |   3 |  437.7 |
               +--------+--------+--------+--------+--------+-----+--------+

Top non-repeatable levels by time:
     D:2: 454 daAuts
     D:1: 440 daAuts
     D:3: 418 daAuts
